 Dungeon Crawl Stone Soup version 0.23-a0-108-gf7ee2ed (webtiles) character file.

98 Amnesiac the Gusty (level 4, -6/30 HPs)
             Began as a Mummy Air Elementalist on Aug 21, 2018.
             Mangled by an ogre
             ... wielding a +0 giant spiked club
              (14 damage)
             ... on level 4 of the Dungeon.
             The game lasted 00:03:52 (1805 turns).

Amnesiac the Gusty (Mummy Air Elementalist)         Turns: 1805, Time: 00:03:53

Health: -6/30      AC:  2    Str: 11    XL:     4   Next: 44%
Magic:  0/9        EV: 12    Int: 19    God:
Gold:   142        SH:  0    Dex: 12    Spells: 3/10 levels left

rFire    x . .     SeeInvis .   (no weapon)
rCold    + . .     Gourm    .   (no shield)
rNeg     + + +     Faith    .   a - +0 robe
rPois    ∞         Spirit   .   (no helmet)
rElec    .         Reflect  .   (no cloak)
rCorr    .         Harm     +   (no gloves)
MR       .....                  (no boots)
Stlth    ++........             d - amulet of harm
HPRegen  0.10/turn              c - +4 ring of intelligence
MPRegen  0.11/turn              (no ring)

@: very slightly contaminated
A: no food or potions, fire vulnerability, cold resistance 1, negative energy
resistance 3, torment resistance, unbreathing
a: no special abilities


You were on level 4 of the Dungeon.
You were not hungry.

You visited 1 branch of the dungeon, and saw 4 of its levels.

You collected 142 gold pieces.

Inventory:

Armour
 a - a +0 robe (worn)
Jewellery
 c - a +4 ring of intelligence (left hand)
 d - an amulet of harm (around neck)
Scrolls
 b - 2 scrolls of teleportation {!r, unknown}
 e - a scroll of identify {!r, unknown}
 f - a scroll of remove curse {!r, unknown}


   Skills:
 - Level 1.5 Dodging
 - Level 1.5 Stealth
 + Level 3.8 Spellcasting
 - Level 0.7 Conjurations
 * Level 3.9 Air Magic


You had 3 spell levels left.
You knew the following spells:

 Your Spells              Type           Power        Failure   Level  Hunger
a - Shock                 Conj/Air       ##..         5%          1    N/A
d - Airstrike             Air            ###.......   26%         4    N/A
z - Swiftness             Chrm/Air       ##......     10%         2    N/A

Your spell library contained the following spells:

 Spells                   Type           Power        Failure   Level  Hunger
 Sandblast                Erth           #.....       14%         1    N/A
 Static Discharge         Conj/Air       ##......     16%         3    N/A
 Passwall                 Tmut/Erth      #.......     22%         2    N/A
 Stone Arrow              Conj/Erth      #.....       36%         3    N/A
 Petrify                  Tmut/Erth      #.......     80%         4    N/A
 Lightning Bolt           Conj/Air       ##........   83%         5    N/A
 Lee's Rapid Deconstruct  Erth           #.........   98%         5    N/A

Dungeon Overview and Level Annotations

Branches:
Dungeon (4/15)
 Temple: D:4-7

Altars:

Annotations:
D:3 Grinder, Sigmund, Terence
D:4 exclusion: centaur


Innate Abilities, Weirdness & Mutations

You do not eat or drink.
Your flesh is vulnerable to fire.
You are immune to poison.
Your flesh is cold resistant. (rC+)
You are immune to negative energy. (rN+++)
You are immune to unholy pain and torment.
You can survive without breathing.


Message History

Aiming: Shock (safe; 5% risk of failure)
Press: ? - help, Shift-Dir - straight line, p - ogre The zap hits the ogre.
The ogre is heavily wounded.
The zap misses the ogre.
Unknown command.
There is an open door here.
There is an open door here.
Casting: Shock (safe; 5% risk of failure)
Confirm with . or Enter, or press ? or * to list all spells.
Aiming: Shock (safe; 5% risk of failure)
Press: ? - help, Shift-Dir - straight line
Okay, then.
Casting: Shock (safe; 5% risk of failure)
Confirm with . or Enter, or press ? or * to list all spells.
Aiming: Shock (safe; 5% risk of failure)
Press: ? - help, Shift-Dir - straight line, f - ogre
Aim: an ogre, wielding a giant spiked club (heavily wounded)
The zap hits the ogre.
The ogre is heavily wounded.
The zap hits the ogre.
The ogre is heavily wounded.
There is an open door here.
Unknown command.
Casting: Shock (safe; 5% risk of failure)
Confirm with . or Enter, or press ? or * to list all spells.
Aiming: Shock (safe; 5% risk of failure)
Press: ? - help, Shift-Dir - straight line, f/p - ogre
Aim: an ogre, wielding a giant spiked club (heavily wounded)
You miscast Shock.
Nothing appears to happen.
The ogre hits you with a giant spiked club!!
Ouch! That really hurt!
* * * LOW HITPOINT WARNING * * *
Unknown command.
Casting: Shock (safe; 5% risk of failure)
Confirm with . or Enter, or press ? or * to list all spells.
Aiming: Shock (safe; 5% risk of failure)
Press: ? - help, Shift-Dir - straight line, f/p - ogre
Aim: an ogre, wielding a giant spiked club (heavily wounded)
The zap hits the ogre.
The ogre is heavily wounded.
The zap hits the ogre.
The ogre is severely wounded.
The ogre misses you.
Unknown command.
Unknown command.
You open the door.
There is an open door here.
Found 2 golden potions.
Casting: Shock (safe; 5% risk of failure)
Confirm with . or Enter, or press ? or * to list all spells.
Aiming: Shock (safe; 5% risk of failure)
Press: ? - help, Shift-Dir - straight line, f/p - ogre
Aim: an ogre, wielding a giant spiked club (severely wounded)
The zap hits the ogre.
The ogre is severely wounded.
The zap hits the ogre.
The ogre is almost dead.
The ogre completely misses you.
Unknown command.
Unknown command.
You open the door.
The ogre hits you with a giant spiked club!
You die...

###'###...
#..........
#..........
#....##...#
#....##...#
#......!..#
#.........#
#O........#
#@######+##
#............
#............
#............
#............
#............
#.........###
..........#


You could see an ogre.

Vanquished Creatures
  7 adders
  2 oozes
  2 giant cockroaches (D:1)
  5 goblins
  2 hobgoblins
  5 kobolds
  3 bats
  4 frilled lizards
  2 rats
32 creatures vanquished.

Notes
Turn   | Place    | Note
-------+----------+-------------------------------------------
     0 | D:1      | Amnesiac the Mummy Air Elementalist began the quest for the Orb.
     0 | D:1      | Reached XP level 1. HP: 13/13 MP: 4/4
   231 | D:1      | Reached XP level 2. HP: 17/19 MP: 0/5
   254 | D:1      | Learned a level 2 spell: Swiftness
   680 | D:1      | Reached XP level 3. HP: 16/24 MP: 2/7
  1330 | D:2      | Reached XP level 4. HP: 30/30 MP: 4/9
  1357 | D:2      | Learned a level 4 spell: Airstrike
  1558 | D:3      | Noticed Terence
  1670 | D:3      | Noticed Sigmund
  1691 | D:3      | Noticed Grinder
  1699 | D:3      | Paralysed by Grinder for 7 turns
  1740 | D:4      | Noticed a centaur
  1760 | D:4      | Noticed an ogre
  1805 | D:4      | Mangled by an ogre

Vault maps used:
D:1:      minmay_arrival_arboretum_small, minmay_box_of_dots
D:2:      first_ration, lemuel_tele_altar
D:3:      uniq_sigmund, uniq_grinder, uniq_terence
D:4:      old_standard_altar, minmay_temple_entry_glass, uniq_ijyb

Skill      XL: |  1  2 |
---------------+-------+-----
Air Magic      | 3 |  3.9
Spellcasting   | 3 |  3.8
Dodging        | |  1.5
Stealth        | |  1.5
Conjurations   | |  0.7

Action                   |  1- 3 |  4- 6 || total
-------------------------+-------+-------++-------
 Cast: Shock             |    49 |    21 ||    70
       Airstrike         |       |     1 ||     1
Armor: Robe              |     4 |       ||     4
Dodge: Dodged            |    24 |     8 ||    32

Table legend:
 A = Non-vault XP
 B = Vault XP
 C = Vault XP percentage of total XP
 D = Non-vault monster count
 E = Vault monster count
 F = Vault count percentage of total count
                 A         B        C        D         E       F
            +---------+---------+-------+---------+---------+-------
      Total |     139 |       2 |   1.4 |      31 |       1 |   3.1
            +---------+---------+-------+---------+---------+-------
        D:1 |      54 |       2 |   3.6 |      17 |       1 |   5.6
        D:2 |      83 |       0 |   0.0 |      13 |       0 |   0.0
        D:3 |       2 |       0 |   0.0 |       1 |       0 |   0.0
            +---------+---------+-------+---------+---------+-------
